 Dungeon Crawl Stone Soup version 0.27.0-1-g7a089689b8 (webtiles) character file.

Game seed: 1787220390204054093

7 Spectrina the Magician (level 2, -4/21 HPs)
             Began as a Djinni Necromancer on Aug 17, 2021.
             Frozen to death by an endoplasm (5 damage)
             ... on level 2 of the Dungeon.
             The game lasted 00:02:18 (407 turns).

Spectrina the Magician (Djinni Necromancer)          Turns: 407, Time: 00:02:19

Health: -4/21      AC:  6    Str:  7    XL:     2   Next: 10%
Gold:   21         EV: 12    Int: 16    God:
                   SH:  0    Dex: 13

rFire    + + .     SeeInvis .   b - +0 dagger
rCold    . . .     Faith    .   (no shield)
rNeg     . . .     Spirit   .   a - +0 robe
rPois    ∞         Reflect  .   (no helmet)
rElec    .         Harm     .   (no cloak)
rCorr    .         Rampage  .   (no gloves)
Will     .....                  (boots unavailable)
Stlth    ++........             (no amulet)
HPRegen  0.07/turn              d - ring of protection from cold
MPRegen  0.00/turn              e - +4 ring of protection

@: flying
A: sickness immunity, fire resistance 2, cold vulnerability 1, float, innate
caster, hp casting, extra vitality 1
a: no special abilities


You were on level 2 of the Dungeon.
You visited 1 branch of the dungeon, and saw 3 of its levels.

You collected 21 gold pieces.

Inventory:

Hand Weapons
 b - a +0 dagger (weapon)
Armour
 a - a +0 robe (worn)
 c - a +0 kite shield
Jewellery
 d - a ring of protection from cold (left hand)
 e - a +4 ring of protection (right hand)
Scrolls
 g - a scroll of silence {unknown}
Potions
 f - a potion of brilliance {unknown}


   Skills:
 - Level 2.1 Dodging
 - Level 1.5 Stealth
 + Level 3.5 Spellcasting


You couldn't memorise any spells.
You knew the following spells:

 Your Spells              Type           Power      Damage    Failure   Level
a - Pain                  Necr           56%        1d6       4%          1
b - Animate Skeleton      Necr           28%        N/A       4%          1
c - Vampiric Draining     Necr           7%         2d7       12%         3
d - Animate Dead          Necr           7%         N/A       38%         4
e - Agony                 Necr           14%        N/A       75%         5
Your spell library was empty.

Dungeon Overview and Level Annotations

Branches:
Dungeon (3/15)

Altars:


Innate Abilities, Weirdness & Mutations

You are immune to sickness and miasma.
You are immune to poison.
Your flesh is very heat resistant. (rF++)
You are vulnerable to cold. (rC-)
You float through the air rather than walking.
You learn spells naturally, not from books.
Your magical power is your life essence.
You have superior vitality. (+4 HP)


Message History

Confirm with . or Enter, or press ? or * to list all spells.
You can't see any susceptible monsters within range! (Use Z to cast anyway.)
Casting: Pain (safe; 4% risk of failure)
Confirm with . or Enter, or press ? or * to list all spells.
You can't see any susceptible monsters within range! (Use Z to cast anyway.) Unknown command.
Casting: Pain (safe; 4% risk of failure)
Confirm with . or Enter, or press ? or * to list all spells.
You can't see any susceptible monsters within range! (Use Z to cast anyway.)
Casting: Pain (safe; 4% risk of failure)
Confirm with . or Enter, or press ? or * to list all spells.
Aiming: Pain (safe; 4% risk of failure)
Press: ? - help, Shift-Dir - straight line, f - bat
Aim: a bat (asleep, chance to affect: 85%)
The bat barely resists.
Casting: Pain (safe; 4% risk of failure)
Confirm with . or Enter, or press ? or * to list all spells.
Aiming: Pain (safe; 4% risk of failure)
Press: ? - help, Shift-Dir - straight line, f/p - bat
Aim: a bat (chance to affect: 85%)
The bat writhes in agony.
You kill the bat!
* * * LOW HITPOINT WARNING * * *
An endoplasm comes into view.
The endoplasm quivers.
Found a scroll labelled EWOGGINOOTT.
The endoplasm freezes you.
You are frozen.
* * * LOW HITPOINT WARNING * * *
Unknown command.
Casting: Pain (safe; 4% risk of failure)
Confirm with . or Enter, or press ? or * to list all spells.
Aiming: Pain (safe; 4% risk of failure)
Press: ? - help, Shift-Dir - straight line, f - endoplasm
Aim: an endoplasm (chance to affect: 85%)
The endoplasm writhes in agony.
* * * LOW HITPOINT WARNING * * *
The endoplasm freezes you.
You are frozen.
You die...

......# ... #.###.#
.### ... #... ..#
#..# ##### #.# #..#
?.# #..# #.# #..# #.#
#..# #.####.####..#
#.......J@...#
........####..# ##.#
#######.# #..# ...#
#.# #..# #### #.#
#..# ### #†# #..#
##.###w####..#
##.#..........#
#######.###.#.#.##.##


You could see an endoplasm.

Vanquished Creatures
  An endoplasm (D:2)
  A giant cockroach (D:1)
  A goblin (D:1)
  A hobgoblin (D:1)
  A bat (D:2)
  A kobold (D:1)
  A rat (D:1)
7 creatures vanquished.

Notes
Turn   | Place    | Note
-------+----------+-------------------------------------------
     0 | D:1      | Spectrina the Djinni Necromancer began the quest for the
                  | Orb.
     0 | D:1      | Reached XP level 1. HP: 15/15 MP: 0/0
   350 | D:2      | Reached XP level 2. HP: 11/21 MP: 0/0
   407 | D:2      | Frozen to death by an endoplasm

Illustrated notes

Levels and vault maps discovered:
D:1:      eino_arrival_water_star, layout_basic, basic_ecumenical_altar
D:2:      layout_loops_ring
D:3:      layout_basic, hangedman_decor_push, uniq_jessica

Action                   || total
-------------------------++-------
Melee: Dagger            ||     3
 Cast: Pain              ||    15
 Stab: Sleeping          ||     2
Dodge: Dodged            ||     3
